 Dungeon Crawl Stone Soup version 0.23.2-40-g277498a001 (webtiles) character file.

Game seed: 1709453910728461700

508 Chiseanne the Gusty (level 7, -6/50 HPs)
             Began as a Gnoll Air Elementalist on Oct 11, 2019.
             Was an Initiate of Vehumet.
             Mangled by an ogre
             ... wielding a +0 giant club
              (19 damage)
             ... on level 4 of the Dungeon.
             The game lasted 00:07:48 (4142 turns).

Chiseanne the Gusty (Gnoll Air Elementalist)        Turns: 4142, Time: 00:07:50

Health: -6/50      AC:  3    Str: 10    XL:     7   Next: 18%
Magic:  10/15      EV: 14    Int: 20    God:    Vehumet [......]
Gold:   148        SH:  0    Dex: 15    Spells: 9/17 levels left

rFire    . . .     SeeInvis .   a - +2 dagger (speed)
rCold    . . .     Gourm    .   (no shield)
rNeg     . . .     Faith    .   f - +0 leather armour
rPois    .         Spirit   .   (no helmet)
rElec    .         Reflect  .   (no cloak)
rCorr    .         Harm     .   (no gloves)
MR       .....                  (no boots)
Stlth    +++.......             (no amulet)
HPRegen  0.16/turn              (no ring)
MPRegen  0.14/turn              (no ring)

@: no status effects
A: distributed training, fangs 1, strong nose
a: Renounce Religion


You were on level 4 of the Dungeon.
You worshipped Vehumet.
Vehumet was noncommittal.
You were not hungry.

You visited 2 branches of the dungeon, and saw 5 of its levels.

You collected 200 gold pieces.
You spent 52 gold pieces at shops.

Inventory:

Hand Weapons
 a - a +2 dagger of speed (weapon)
 s - a +3 short sword of draining
Missiles
 e - 77 stones (quivered)
 g - 5 tomahawks
 m - a throwing net
 n - 3 tomahawks of returning
 p - 32 sling bullets
 q - 62 arrows
Armour
 f - a +0 leather armour (worn)
 o - a +0 large shield
Scrolls
 b - 5 scrolls of teleportation
 l - a scroll of remove curse
Potions
 d - a potion of agility {unknown}
 h - 2 potions of heal wounds
 j - a potion of haste {unknown}
 k - 2 potions of curing
 r - a potion of lignification {unknown}
 t - 2 potions of mutation {unknown}
Comestibles
 c - 10 rations
 i - 7 chunks of flesh


   Skills:
 + Level 2.2 Fighting
 + Level 2.2 Short Blades
 + Level 2.2 Long Blades
 + Level 2.2 Axes
 + Level 2.2 Maces & Flails
 + Level 2.2 Polearms
 + Level 2.2 Staves
 + Level 2.2 Slings
 + Level 2.2 Bows
 + Level 2.2 Crossbows
 + Level 2.2 Throwing
 + Level 2.2 Armour
 + Level 5.1 Dodging
 + Level 4.8 Stealth
 + Level 2.2 Shields
 + Level 2.2 Unarmed Combat
 + Level 5.5 Spellcasting
 + Level 2.8 Conjurations
 + Level 1.8 Hexes
 + Level 1.8 Charms
 + Level 1.8 Summonings
 + Level 1.8 Necromancy
 + Level 1.8 Translocations
 + Level 1.8 Transmutations
 + Level 1.8 Fire Magic
 + Level 1.8 Ice Magic
 + Level 5.7 Air Magic
 + Level 1.8 Earth Magic
 + Level 1.8 Poison Magic
 + Level 2.5 Invocations
 + Level 2.2 Evocations


You had 9 spell levels left.
You knew the following spells:

 Your Spells              Type           Power        Failure   Level  Hunger
a - Shock                 Conj/Air       ###.         2%          1    None
b - Static Discharge      Conj/Air       ###.....     8%          3    ##.....
c - Airstrike             Air            ####......   13%         4    ####...

Your spell library contained the following spells:

 Spells                   Type           Power        Failure   Level  Hunger
 Swiftness                Chrm/Air       ###.....     4%          2    None
 Lightning Bolt           Conj/Air       ###.......   56%         5    #####..


Dungeon Overview and Level Annotations

Branches:
Dungeon (4/15)             Temple (1/1) D:4

Altars:
Dithmenos
Elyvilon
Gozag
Qazlal
Ru
Vehumet
Xom

Shops:
D:4 *


Innate Abilities, Weirdness & Mutations

Your experience applies equally to all skills.
You have very sharp teeth.
Your uncanny sense of smell can sniff out nearby items.


Message History

The zap hits the ogre!
The ogre is almost dead.
Casting: Shock (safe; 2% risk of failure)
Confirm with . or Enter, or press ? or * to list all spells.
Aiming: Shock (safe; 2% risk of failure)
Press: ? - help, Shift-Dir - straight line, f/p - ogre
Aim: an ogre, wielding a +0 giant club (almost dead)
The zap hits the ogre.
The ogre is almost dead.
The ogre hits you with a +0 giant club!!
* * * LOW HITPOINT WARNING * * *
Casting: Shock (safe; 2% risk of failure)
Confirm with . or Enter, or press ? or * to list all spells.
Aiming: Shock (safe; 2% risk of failure)
Press: ? - help, Shift-Dir - straight line, f/p - ogre
Aim: an ogre, wielding a +0 giant club (almost dead)
The zap hits the ogre.
The ogre is almost dead.
The ogre hits you with a +0 giant club!!
You die...

### # ###################### #..
...#....#...#.........§#. #.#
.........#.............§§§ #.#
..........#.............§§§ #.#
...........#......######....
##.#.#.........O#............#...
#><.............@............+...
#.##........$..##............#...
..÷...........∆ #.....####..##...
.......###.## #.....#####.#####
#÷##...# ...☼ #.........#.....#
#......#.....#.............#....#
.........._................#.....
#.#...##.....#.............##.###
.......# ...§#...................


You could see an ogre.

Vanquished Creatures
  An ogre (D:4)
  A hound (D:4)
  An orc priest (D:3)
  2 orc wizards
  2 iguanas (D:4)
  2 worker ants (D:4)
  A hound skeleton (D:4)
  4 gnolls (D:2)
  6 adders
  An ooze (D:2)
  2 dart slugs
  2 leopard geckos
  8 orcs
  4 giant cockroaches
  13 goblins
  4 hobgoblins
  8 jackals
  3 quokkas
  10 bats
  5 frilled lizards
  6 kobolds
  7 rats
93 creatures vanquished.

Vanquished Creatures (others)
  A hobgoblin (D:2)
  A quokka (D:2)
2 creatures vanquished.

Grand Total: 95 creatures vanquished

Notes
Turn   | Place    | Note
-------+----------+-------------------------------------------
     0 | D:1      | Chiseanne the Gnoll Air Elementalist began the quest for
                  | the Orb.
     0 | D:1      | Reached XP level 1. HP: 13/13 MP: 6/6
   194 | D:1      | Reached XP level 2. HP: 19/19 MP: 4/7
   396 | D:1      | Found a shimmering altar of Xom.
   607 | D:1      | Reached XP level 3. HP: 25/25 MP: 2/9
   767 | D:1      | Reached skill level 5 in Spellcasting
   988 | D:2      | Found a white marble altar of Elyvilon.
  1026 | D:2      | Learned a level 3 spell: Static Discharge
  1101 | D:2      | Reached skill level 1 in Invocations
  1257 | D:2      | Reached skill level 1 in Fighting
  1257 | D:2      | Reached skill level 1 in Short Blades
  1257 | D:2      | Reached skill level 1 in Long Blades
  1257 | D:2      | Reached skill level 1 in Axes
  1257 | D:2      | Reached skill level 1 in Maces & Flails
  1257 | D:2      | Reached skill level 1 in Polearms
  1257 | D:2      | Reached skill level 1 in Staves
  1257 | D:2      | Reached skill level 1 in Slings
  1257 | D:2      | Reached skill level 1 in Bows
  1257 | D:2      | Reached skill level 1 in Crossbows
  1257 | D:2      | Reached skill level 1 in Throwing
  1257 | D:2      | Reached skill level 1 in Armour
  1257 | D:2      | Reached skill level 1 in Shields
  1257 | D:2      | Reached skill level 1 in Unarmed Combat
  1257 | D:2      | Reached skill level 1 in Evocations
  1257 | D:2      | Reached XP level 4. HP: 32/32 MP: 9/11
  1651 | D:2      | Reached skill level 1 in Hexes
  1651 | D:2      | Reached skill level 1 in Charms
  1651 | D:2      | Reached skill level 1 in Summonings
  1651 | D:2      | Reached skill level 1 in Necromancy
  1651 | D:2      | Reached skill level 1 in Translocations
  1651 | D:2      | Reached skill level 1 in Transmutations
  1651 | D:2      | Reached skill level 1 in Fire Magic
  1651 | D:2      | Reached skill level 1 in Ice Magic
  1651 | D:2      | Reached skill level 1 in Earth Magic
  1651 | D:2      | Reached skill level 1 in Poison Magic
  1958 | D:2      | Reached XP level 5. HP: 37/37 MP: 10/12
  3215 | D:3      | Reached XP level 6. HP: 33/44 MP: 2/13
  3727 | D:4      | Found a stormy altar of Qazlal.
  3727 | D:4      | Found Demim's Assorted Antiques.
  3749 | D:4      | Bought a lumpy grey potion for 26 gold pieces
  3749 | D:4      | Bought a lumpy grey potion for 26 gold pieces
  3770 | D:4      | Reached skill level 5 in Dodging
  3820 | D:4      | Learned a level 4 spell: Airstrike
  3907 | D:4      | Reached XP level 7. HP: 50/50 MP: 8/15
  4045 | D:4      | Found a staircase to the Ecumenical Temple.
  4061 | Temple   | Entered the Ecumenical Temple
  4065 | Temple   | Became a worshipper of Vehumet
  4099 | D:4      | Found a shadowy altar of Dithmenos.
  4142 | D:4      | Mangled by an ogre

Skill      XL: |  1  2  3  4  5  6 |
---------------+-------------------+-----
Conjurations   | 2 |  2.8
Spellcasting   | 5 |  5.5
Invocations    | 1 2 |  2.5
Fighting       | 1 2 |  2.2
Short Blades   | 1 2 |  2.2
Long Blades    | 1 2 |  2.2
Axes           | 1 2 |  2.2
Maces & Flails | 1 2 |  2.2
Polearms       | 1 2 |  2.2
Staves         | 1 2 |  2.2
Slings         | 1 2 |  2.2
Bows           | 1 2 |  2.2
Crossbows      | 1 2 |  2.2
Throwing       | 1 2 |  2.2
Armour         | 1 2 |  2.2
Shields        | 1 2 |  2.2
Unarmed Combat | 1 2 |  2.2
Evocations     | 1 2 |  2.2
Hexes          | 1 |  1.8
Charms         | 1 |  1.8
Summonings     | 1 |  1.8
Necromancy     | 1 |  1.8
Translocations | 1 |  1.8
Transmutations | 1 |  1.8
Fire Magic     | 1 |  1.8
Ice Magic      | 1 |  1.8
Earth Magic    | 1 |  1.8
Poison Magic   | 1 |  1.8
Dodging        | 5 |  5.1
Stealth        | |  4.8
Air Magic      | |  5.7

Action                   |  1- 3 |  4- 6 |  7- 9 || total
-------------------------+-------+-------+-------++-------
Melee: Mace              |       |     6 |       ||     6
       Bite              |       |     1 |       ||     1
       Short sword       |       |     5 |     2 ||     7
       Dagger            |       |       |     2 ||     2
 Cast: Shock             |    59 |   135 |    19 ||   213
  Use: Scroll            |       |    13 |       ||    13
 Stab: Sleeping          |       |       |     1 ||     1
  Eat: Chunk             |     1 |     8 |     1 ||    10
Armor: Leather armour    |       |     6 |       ||     6
Dodge: Dodged            |     3 |    23 |     1 ||    27
